 Dungeon Crawl Stone Soup version 0.19-a0-1920-g83281cb (webtiles) character file.

1422 spe3d0 the Skirmisher (level 8, -2/73 HPs)
             Began as a White Draconian Abyssal Knight on Oct 23, 2016.
             Was a Priest of Lugonu.
             Slain by a7mans's ghost (20 damage)
             ... on level 6 of the Dungeon.
             The game lasted 00:27:05 (4628 turns).

spe3d0 the Skirmisher (DrAK)                        Turns: 4628, Time: 00:27:06

Health: -2/73      AC:  7    Str: 14    XL:     8   Next: 44%
Magic:  9/9        EV: 14    Int: 13    God:    Lugonu [***...]
Gold:   251        SH:  0    Dex: 13    Spells: 0 memorised, 7 levels left

rFire  + . .     SeeInvis .     x - +4 rapier "Zaweck" {pierce, rElec rF+ Stlth-}
rCold  + . .     Gourm    .     (armour unavailable)
rNeg   . . .     Faith    .     (no shield)
rPois  .         Spirit   .     (helmet restricted)
rElec  +         Reflect  .     i - +0 cloak
rCorr  .         Harm     .     (no gloves)
MR     .....                    (no boots)
Stlth  ..........               (no amulet)
                                (no ring)
                                o - ring of flight

@: no status effects
A: breathe frost, unfitting armour, cold resistance 1, cold-blooded, AC +6
a: Breathe Frost, Depart the Abyss, Bend Space, Banish, Renounce Religion, Evoke
Flight


You were on level 6 of the Dungeon.
You worshipped Lugonu.
Lugonu was most pleased with you.
You were not hungry.

You visited 1 branch of the dungeon, and saw 6 of its levels.
You visited the Abyss 1 time.

You collected 251 gold pieces.

Inventory:

Hand Weapons
 a - a +1 falchion
 q - a +1 dagger of venom
   (You took it off a goblin on level 3 of the Dungeon)
 x - the +4 rapier "Zaweck" (weapon) {pierce, rElec rF+ Stlth-}
   (You found it on level 5 of the Dungeon)

   It inflicts extra damage upon your enemies.
   It protects you from fire.
   It insulates you from electricity.
   It makes you less stealthy.
 B - a +0 great sword of holy wrath
   (You found it on level 5 of the Dungeon)
 C - a +5 great sword
   (You took it off a wight on level 6 of the Dungeon)
 D - a +3 great sword
   (You took it off a wight on level 6 of the Dungeon)
 E - a +3 falchion
   (You took it off a wight on level 6 of the Dungeon)
Armour
 d - a +2 helmet
   (You found it on level 1 of the Dungeon)
 f - a +0 naga barding
   (You found it on level 3 of the Dungeon)
 i - a +0 cloak (worn)
   (You found it on level 1 of the Dungeon)
 k - a cursed +0 chain mail
   (You found it on level 1 of the Dungeon)
 m - a +0 ring mail
   (You found it on level 2 of the Dungeon)
 G - a cursed +0 robe
   (You found it on level 6 of the Dungeon)
Jewellery
 o - a ring of flight (left hand)
   (You found it on level 2 of the Dungeon)
Wands
 p - a wand of lightning (4/15)
   (You found it on level 3 of the Dungeon)
Scrolls
 e - a scroll of fear {unknown}
 g - a scroll of fog {unknown}
 j - a scroll of enchant armour {unknown}
 l - a scroll of recharging {unknown}
 r - a scroll of immolation {unknown}
 t - 2 scrolls of remove curse {unknown}
 u - a scroll of amnesia {unknown}
 v - a scroll of noise {unknown}
 w - 2 scrolls of magic mapping {unknown}
 y - a scroll of blinking {unknown}
 z - a scroll of teleportation {unknown}
Potions
 c - 2 potions of agility {unknown}
 h - 2 potions of magic {unknown}
 n - 2 potions of lignification {unknown}
 s - 2 potions of might {unknown}
 A - a potion of berserk rage {unknown}
Comestibles
 b - a bread ration
 F - a fruit
 Z - 3 chunks of flesh


   Skills:
 * Level 7.1 Fighting
 * Level 5.6(6.3) Short Blades
 - Level 4.3(5.7) Long Blades
 - Level 5.0 Dodging
 - Level 2.4 Invocations


You had 7 spell levels left.
You didn't know any spells.

Dungeon Overview and Level Annotations

Branches:
Dungeon (6/15)
 Temple: D:4-7

Altars:
Nemelex Xobeh
Sif Muna
Vehumet
Zin

Annotations:
D:6 a7mans's ghost, novice MiFi


Innate Abilities, Weirdness & Mutations

You can breathe waves of freezing cold.
You can buffet flying creatures when you breathe cold.
Your icy white scales are hard. (AC +6)
You cannot fit into any form of body armour.
Your flesh is cold resistant. (rC+)
You are cold-blooded and may be slowed by cold attacks.


Message History

There is a stone staircase leading up here.
A worker ant comes into view.
The worker ant twitches its antennae in your direction.
The worker ant moves out of view.
Found a spear.
You puncture the worker ant!
The worker ant is almost dead.
The worker ant completely misses you.
You hit the worker ant.
You kill the worker ant!
Lugonu accepts your kill.
A7mans's ghost (novice Minotaur Fighter) comes into view.
A7mans's ghost hits you.
You puncture a7mans's ghost!
Your tail-slap misses a7mans's ghost.
A7mans's ghost is lightly damaged.
A7mans's ghost hits you.
You barely miss a7mans's ghost.
You tail-slap a7mans's ghost, but do no damage.
A7mans's ghost is lightly damaged.
A7mans's ghost hits you!
You hit a7mans's ghost.
A7mans's ghost is moderately damaged.
A7mans's ghost closely misses you.
You barely miss a7mans's ghost.
A7mans's ghost is moderately damaged.
You hit a7mans's ghost but do no damage.
You tail-slap a7mans's ghost, but do no damage.
A7mans's ghost is moderately damaged.
A7mans's ghost hits you!
You hit a7mans's ghost.
A7mans's ghost is moderately damaged.
A7mans's ghost hits you!
* * * LOW HITPOINT WARNING * * *
You are too injured to fight recklessly!
You are too injured to fight recklessly!
You hit a7mans's ghost.
A7mans's ghost is moderately damaged.
A7mans's ghost hits you but does no damage.
You hit a7mans's ghost.
A7mans's ghost is heavily damaged.
A7mans's ghost closely misses you.
You hit a7mans's ghost.
A7mans's ghost is heavily damaged.
A7mans's ghost hits you.
* * * LOW HITPOINT WARNING * * *
You barely miss a7mans's ghost.
A7mans's ghost is heavily damaged.
A7mans's ghost keens inconsolably.
A7mans's ghost hits you!!
You die...

#.# #.# #.#
#.# #####.#
#### #.....#
#....##.##..#
#....'...#..#
#....##@.#..#
#).. #W.#..#
### .h.#..#
.#####..#
........#
#######<# #.#
#.# #.#


You could see a hound (wandering) and a7mans's ghost.

Vanquished Creatures
  The ghost of grandjackal the Destroyer, a novice TeAE of Vehumet (D:5)
  An orc warrior (D:6)
  A phantom (D:6)
  2 bullfrogs (D:6)
  4 wights (D:6)
  A howler monkey (D:6)
  A crimson imp (D:6)
  3 orc priests
  2 bullfrog skeletons
  2 orc wizards
  An iguana (D:5)
  4 worker ants
  A worker ant zombie (D:3)
  A gnoll (D:3)
  9 adders
  An ooze (D:3)
  2 worms (D:2)
  3 dart slugs
  8 leopard geckos
  16 orcs
  5 giant cockroaches
  8 hobgoblins
  5 jackals
  3 kobolds
  4 quokkas
  2 ball pythons
  5 bats
  7 frilled lizards
  7 goblins
  A jackal skeleton (D:5)
  8 rats
119 creatures vanquished.

Vanquished Creatures (others)
  The ghost of droogie the Sneak, an amateur FeTm of Ru (D:3)
  An orc wizard (D:6)
  An adder (D:3)
  A kobold (D:3)
4 creatures vanquished.

Grand Total: 123 creatures vanquished

Notes
Turn   | Place    | Note
-------+----------+-------------------------------------------
     0 | Abyss:1  | spe3d0 the Draconian Abyssal Knight began the quest for the Orb.
     0 | Abyss:1  | Reached XP level 1. HP: 19/19 MP: 2/2
    13 | D:1      | Escaped the Abyss
   166 | D:1      | Reached XP level 2. HP: 15/26 MP: 3/3
   459 | D:1      | Reached ** piety under Lugonu
   506 | D:1      | Reached skill level 3 in Dodging
   638 | D:1      | Reached XP level 3. HP: 25/31 MP: 4/4
   832 | D:2      | HP: 15/31 [poisoned by an adder]
   840 | D:2      | HP: 14/31 [poisoned by an adder]
  1302 | D:2      | Reached XP level 4. HP: 38/38 MP: 5/5
  1467 | D:3      | Reached skill level 4 in Dodging
  1468 | D:3      | HP: 17/38 [orc/morningstar (6)]
  1473 | D:3      | HP: 12/38 [poisoned by an adder]
  1480 | D:3      | HP: 10/38 [poisoned by an adder]
  1487 | D:3      | HP: 9/38 [poisoned by an adder]
  1495 | D:3      | HP: 7/38 [poisoned by an adder]
  1810 | D:3      | HP: 18/38 [orc priest (5)]
  1815 | D:3      | HP: 8/38 [worker ant zombie (4)]
  1819 | D:3      | HP: 3/38 [worker ant zombie (2)]
  1822 | D:3      | Reached XP level 5. HP: 4/45 MP: 6/6
  1960 | D:3      | Killed droogie's ghost
  2015 | D:3      | Found a sparkling altar of Nemelex Xobeh.
  2040 | D:3      | Reached *** piety under Lugonu
  2053 | D:3      | Found a radiant altar of Vehumet.
  2118 | D:3      | Reached skill level 5 in Dodging
  2348 | D:3      | Found a glowing silver altar of Zin.
  2476 | D:4      | Reached skill level 3 in Long Blades
  2657 | D:4      | HP: 22/45 [orc wizard/magic dart (6)]
  2666 | D:4      | HP: 19/45 [orc wizard/dagger (2)]
  2668 | D:4      | Reached XP level 6. HP: 13/51 MP: 7/7
  2896 | D:4      | Reached skill level 4 in Long Blades
  2975 | D:4      | HP: 25/51 [adder (4)]
  2980 | D:4      | HP: 22/51 [adder (2)]
  2986 | D:4      | HP: 16/51 [poisoned by an adder]
  2991 | D:4      | HP: 14/51 [poisoned by an adder]
  2997 | D:4      | HP: 13/51 [poisoned by an adder]
  3005 | D:4      | HP: 13/51 [poisoned by an adder]
  3225 | D:5      | Entered Level 5 of the Dungeon
  3393 | D:5      | Found a deep blue altar of Sif Muna.
  3470 | D:5      | Got a scorched rapier
  3471 | D:5      | Identified the +4 rapier "Zaweck" {pierce, rElec rF+ Stlth-} (You found it on level 5 of the Dungeon)
  3670 | D:5      | Noticed grandjackal's ghost (novice TeAE)
  3671 | D:5      | grandjackal's ghost turns its malevolent gaze towards you.
  3681 | D:5      | Killed grandjackal's ghost
  3681 | D:5      | Reached skill level 4 in Fighting
  3681 | D:5      | Reached skill level 3 in Short Blades
  3681 | D:5      | Your scales start taking on an icy white colour.
  3681 | D:5      | Reached XP level 7. HP: 56/60 MP: 8/8
  3681 | D:5      | Gained mutation: Your flesh is cold resistant. (rC+) [White Draconian growth]
  3846 | D:5      | Reached skill level 5 in Fighting
  4000 | D:6      | HP: 22/61 [wight/enchanted falchion (13)]
  4080 | D:6      | Reached skill level 4 in Short Blades
  4156 | D:6      | Reached skill level 6 in Fighting
  4207 | D:6      | HP: 26/63 [orc warrior/halberd (11)]
  4216 | D:6      | HP: 16/63 [orc warrior/halberd (11)]
  4217 | D:6      | Reached XP level 8. HP: 18/70 MP: 9/9
  4222 | D:6      | HP: 14/70 [orc priest/club (5)]
  4222 | D:6      | HP: 3/70 [orc priest/divine providence (11)]
  4450 | D:6      | Reached skill level 5 in Short Blades
  4556 | D:6      | Reached skill level 7 in Fighting
  4617 | D:6      | Noticed a7mans's ghost (novice MiFi)
  4624 | D:6      | HP: 20/73 [a7mans's ghost (17)]
  4628 | D:6      | Slain by a7mans's ghost

Vault maps used:
D:1:      dpeg_arrival_three_same_balls
D:2:      first_bread
D:3:      marbit_many_paths, fiery_altar_vehumet, nemelex_dance_club_becter
D:5:      led_sif_pool, minmay_misc_feat_encased
D:6:      uniq_duvessa
Abyss:1:  hangedman_decor_riveting

Skill      XL: |  1  2  3  4  5  6  7  8 |
---------------+-------------------------+-----
Dodging        | 3 4 5 |  5.0
Long Blades    | 3 4 |  4.3
Fighting       | 4 6 7 |  7.1
Short Blades   | 3 4 5 |  5.6
Invocations    | |  2.4

Action                   |  1- 3 |  4- 6 |  7- 9 || total
-------------------------+-------+-------+-------++-------
Melee: Falchion          |   111 |   174 |       ||   285
       Tailslap          |    10 |    17 |    12 ||    39
       Rapier            |       |     9 |   121 ||   130
  Use: Scroll            |     1 |       |     2 ||     3
 Stab: Distracted        |       |     1 |       ||     1
  Eat: Beef jerky        |     1 |     1 |     1 ||     3
       Fruit             |       |     1 |       ||     1
       Bread ration      |       |     1 |     1 ||     2
       Pizza             |       |     1 |       ||     1
Armor: Skin              |    30 |    51 |    22 ||   103
Dodge: Dodged            |    82 |   148 |    56 ||   286
       Rpst.: Falchion   |    30 |    43 |       ||    73
